 Dungeon Crawl Stone Soup version 0.31-a0-1370-gf52a5a9ab3 (webtiles) character file.

Game seed: 3533873222395712683

425 tulseluper1 the Covered (level 6, 0/82 HPs)
             Began as a Hill Orc Fighter on Dec 23, 2023.
             Was a Follower of the Shining One.
             Slain by a gnoll
             ... wielding a +0 halberd
             ... led by a gnoll bouda
              (9 damage)
             ... on level 4 of the Dungeon.
             The game lasted 00:21:48 (3292 turns).

tulseluper1 the Covered (Hill Orc Fighter)          Turns: 3292, Time: 00:21:51

Health: 0/82       AC: 30    Str: 21    XL:     6   Next: 96%
Magic:  6/6        EV:  2    Int:  8    God:    the Shining One [*.....]
Gold:   76         SH: 10    Dex: 10    Spells: 5/5 levels left

rFire   . . .        r - +2 hammer (protect)
rCold   . . .        m - +2 kite shield
rNeg    . . .        b - melded +0 scale mail
rPois   +            (helmet currently unavailable)
rElec   .            (cloak currently unavailable)
rCorr   .            (gloves currently unavailable)
SInv    .            (boots currently unavailable)
Will    .....        (no amulet)
Stlth   +            (no ring)
HPRegen 0.33/turn    (no ring)
MPRegen 0.10/turn

%: no passive effects
@: mighty, tree-form, under a protective aura, glowing
A: stationary, stasis, torment immunity, boosted hp
a: Renounce Religion, Divine Shield


You were on level 4 of the Dungeon.
You worshipped the Shining One.
The Shining One was aware of your devotion.
You were a tree.
You visited 1 branch of the dungeon, and saw 4 of its levels.

You collected 76 gold pieces.

Inventory:

Hand Weapons
 a - a +0 trident
 f - a +2 war axe of holy wrath
 q - a +0 hammer
 r - a +2 hammer of protection (weapon)
Missiles
 t - 4 stones (quivered)
Armour
 b - a +0 scale mail (melded)
 c - a +0 buckler
 l - a +0 ring mail
 m - a +2 kite shield (worn)
Magical Staves
 o - a staff of death
Scrolls
 g - a scroll of poison {unknown}
 k - a scroll of amnesia {unknown}
 n - a scroll of fear {unknown}
 p - a scroll of vulnerability {unknown}
Potions
 d - 2 potions of might
 h - a potion of lignification
 i - 2 potions of mutation
 s - a potion of ambrosia {unknown}


   Skills:
 + Level 4.8 Fighting
 + Level 3.9 Maces & Flails
 + Level 3.3 Polearms
 + Level 0.6 Throwing
 + Level 4.8 Armour
 + Level 0.8 Dodging
 + Level 0.3 Stealth
 + Level 4.2 Shields


You had 5 spell levels left.
You didn't know any spells.
Your spell library contained the following spells:

 Spells                   Type           Power      Damage    Failure   Level
 Scorch                   Fire           0%         2d5       83%         2
 Flame Wave               Conj/Fire      0%         2d4       100%        4
 Summon Cactus Giant      Summ           0%         N/A       100%        6


Dungeon Overview and Level Annotations

Branches:
Dungeon (4/15)
 Temple: D:4-7

Altars:
Cheibriados
Gozag
Hepliaklqana
Kikubaaqudgha
Ru
Zin
The Shining One
Beogh

Annotations:
D:2 1 runed translucent door, Crazy Yiuf


Message History

You sock the hound!
The hound is almost dead.
You feel sick. The hound bites you. You block the gnoll's attack.
You block the hound's attack.
You sock the hound!
You kill the hound!
You feel sick. You block the gnoll's attack.
The gnoll hits you but does no damage.
The gnoll bouda hits you with a +0 club.
* * * LOW HITPOINT WARNING * * *
As you read the scroll of fog, it dissolves into smoke.
You feel sick. You block the gnoll's attack.
The gnoll bouda closely misses you.
You feel sick.
The gnoll hits you from afar with a +0 halberd.
* * * LOW HITPOINT WARNING * * *
You block the gnoll bouda's attack.
You feel sick. The gnoll attacks as it pursues you!
The gnoll hits you from afar with a +0 halberd.
* * * LOW HITPOINT WARNING * * *
It was a potion of lignification.
You turn into a tree.
Your +0 scale mail melds into your body.
Your roots penetrate the ground.
You feel sick.
You are no longer poisoned.
The gnoll hits you from afar with a +0 halberd.
* * * LOW HITPOINT WARNING * * *
The gnoll bouda hits you with a +0 club.
* * * LOW HITPOINT WARNING * * *
You thump the gnoll bouda!
Your weapon exudes an aura of protection.
The gnoll bouda is heavily wounded.
The gnoll hits you but does no damage.
The gnoll bouda hits you but does no damage.
You hit the gnoll bouda.
The gnoll bouda is severely wounded.
You block the gnoll's attack.
The gnoll bouda mumbles some strange prayers to its god.
The gnoll bouda is healed somewhat.
The gnoll hits you from afar with a +0 halberd!
You die...

##...#######....#
###..........#
###...........#
#.......)....##
#...........##
#..........§##
#.........#.§#
##........##§##
##.....####§♣#
####### ##g##
#gg## ##§§###
###.§§..###
##.h<.##...##
###g...#####..#
##..g.### ####
###...###


You could see a gnoll bouda and 2 gnolls.

Vanquished Creatures
  The ghost of hackum the Ducker, an amateur OpGl (D:3)
  A gnoll bouda (D:4)
  2 hounds (D:4)
  2 orc wizards (D:4)
  6 gnolls (D:4)
  2 adders
  2 worms
  2 dart slugs
  14 orcs
  3 ball pythons
  8 endoplasms
  2 giant cockroaches
  8 goblins
  3 hobgoblins
  2 quokkas (D:3)
  2 bats
  2 frilled lizards
  12 kobolds
  5 rats
79 creatures vanquished.

Notes
Turn   | Place    | Note
-------+----------+-------------------------------------------
     0 | D:1      | tulseluper1 the Hill Orc Fighter began the quest for the
                  | Orb.
     0 | D:1      | Reached XP level 1. HP: 19/19 MP: 1/1
   142 | D:1      | Reached XP level 2. HP: 27/27 MP: 2/2
   699 | D:2      | Reached XP level 3. HP: 32/33 MP: 3/3
  1239 | D:2      | Found a runed translucent door.
  1240 | D:2      | Noticed Crazy Yiuf
  1517 | D:3      | Found a faded altar of an unknown god.
  1559 | D:3      | Prayed at the altar of an unknown god.
  1559 | D:3      | Became a worshipper of the Shining One
  1559 | D:3      | Reached * piety under the Shining One
  1596 | D:3      | Reached XP level 4. HP: 40/40 MP: 4/4
  1842 | D:3      | Found a glowing silver altar of Zin.
  1865 | D:3      | Found a hazy altar of Hepliaklqana.
  1905 | D:3      | Found a snail-covered altar of Cheibriados.
  2085 | D:3      | Found a runed translucent gate.
  2086 | D:3      | Found a runed translucent gate.
  2086 | D:3      | Noticed hackum's ghost (amateur OpGl)
  2087 | D:3      | Found a runed translucent gate.
  2097 | D:3      | Identified the +0 scale mail of Peeg {rElec Slay+4}
  2123 | D:3      | Killed hackum's ghost
  2124 | D:3      | Reached XP level 5. HP: 31/47 MP: 5/5
  2297 | D:3      | Found a roughly hewn altar of Beogh.
  2498 | D:3      | Found an opulent altar of Gozag.
  2555 | D:3      | Found a sacrificial altar of Ru.
  2556 | D:3      | Found an ancient bone altar of Kikubaaqudgha.
  2807 | D:4      | Reached XP level 6. HP: 53/53 MP: 6/6
  3292 | D:4      | Slain by a gnoll

Illustrated notes

Levels and vault maps discovered:
D:1:      scummos_arrival_star, layout_loops_ring
D:2:      layout_rooms, uniq_crazy_yiuf_cottage
D:3:      layout_basic, nicolae_overflow_hidden_temple,
          worldfamousw_hep_ancestral_shrine, mainiacjoe_overflow_alcove_4,
          zin_academy, biasface_ghost_orc_armoury,
          hellmonk_ecumenical_altar_slurped_away, chequers_serial_rivers_marsh,
          grunt_ministairs_4
D:4:      layout_cave_pods, minivault_14, kennysheep_generic_room_10, uniq_ijyb,
          uniq_eustachio, uniq_natasha

Skill      XL: |  1  2  3  4  5  6 |
---------------+-------------------+-----
Fighting       | 4 |  4.8
Armour         | 4 |  4.8
Polearms       | 3 |  3.3
Maces & Flails | 2 3 |  3.9
Shields        | 4 |  4.2
Throwing       | |  0.6
Dodging        | |  0.8
Stealth        | |  0.3

Action                     |  1- 3 |  4- 6 || total
---------------------------+-------+-------++-------
  Melee: Trident           |    79 |       ||    79
         Mace              |    32 |    98 ||   130
  Throw: Stone             |     6 |    16 ||    22
    Use: Scroll            |     2 |     4 ||     6
         Potion            |       |     5 ||     5
 Armour: Scale mail        |    55 |    79 ||   134
         Skin              |       |     5 ||     5
  Dodge: Dodged            |    33 |    26 ||    59
  Block: Buckler           |    17 |       ||    17
         Kite shield       |       |    55 ||    55

Table legend: (Time is in decaauts)
 A = Elapsed time spent in this place.
 B = Non-inter-level travel time spent in this place.
 C = Inter-level travel time spent in this place.
 D = Time resting spent in this place.
 E = Time spent auto-exploring this place.
 F = Levels seen in this place.
 G = Mean time per level.
                   A        B        C        D        E       F      G
               +--------+--------+--------+--------+--------+-----+--------+
         Total |   3370 |   3365 |      5 |    973 |   1283 |   4 |  842.5 |
       Dungeon |   3370 |   3365 |      5 |    973 |   1283 |   4 |  842.5 |
               +--------+--------+--------+--------+--------+-----+--------+

Top non-repeatable levels by time:
     D:3: 1446 daAuts
     D:2: 752 daAuts
     D:1: 635 daAuts
     D:4: 536 daAuts
